 Dungeon Crawl Stone Soup version 0.27.0-1-g7a089689b8 (webtiles) character file.

Game seed: 5855764729387156311

392 fiver49 the Slasher (level 6, -3/41 (44) HPs)
             Began as a Demonspawn Hunter on Aug 10, 2021.
             Slain by a wight (15 damage)
             ... on level 4 of the Dungeon.
             The game lasted 00:05:51 (3319 turns).

fiver49 the Slasher (Demonspawn Hunter)             Turns: 3319, Time: 00:05:52

HP:   -3/41 (44)    AC:  8    Str: 14    XL:     6   Next: 50%
MP:   6/6           EV: 11    Int: 13    God:
Gold: 165           SH:  0    Dex: 13    Spells: 5/5 levels left

rFire    . . .     SeeInvis .   r - +1 dagger (venom)
rCold    . . .     Faith    .   (no shield)
rNeg     . . .     Spirit   .   i - +0 ring mail
rPois    .         Reflect  .   (no helmet)
rElec    .         Harm     .   j - +1 cloak
rCorr    .         Rampage  .   w - +0 pair of gloves
Will     .....                  (no boots)
Stlth    +.........             (no amulet)
HPRegen  0.13/turn              (no ring)
MPRegen  0.10/turn              (no ring)

@: drained
A: demonic guardian 1, spiny 2
a: no special abilities


You were on level 4 of the Dungeon.
You visited 1 branch of the dungeon, and saw 5 of its levels.

You collected 165 gold pieces.

Inventory:

Hand Weapons
 a - a +0 short sword
 r - a +1 dagger of venom (weapon)
Missiles
 d - 2 throwing nets
 v - 24 poisoned darts
 y - 2 javelins (quivered)
Armour
 b - a +0 leather armour
 i - a +0 ring mail (worn)
 j - a +1 cloak (worn)
 w - a +0 pair of gloves (worn)
Jewellery
 h - a +4 ring of protection
 A - a +4 ring of evasion
Scrolls
 e - 2 scrolls of noise {unknown}
 g - 4 scrolls of identify {unknown}
 m - 2 scrolls of acquirement {unknown}
 n - 2 scrolls of teleportation {unknown}
 o - 3 scrolls of amnesia {unknown}
 p - 2 scrolls of fear {unknown}
 s - a scroll of enchant armour {unknown}
 x - a scroll of vulnerability {unknown}
 z - 2 scrolls of fog {unknown}
Potions
 c - a potion of berserk rage {unknown}
 f - 2 potions of lignification {unknown}
 k - 3 potions of haste {unknown}
 l - 2 potions of brilliance {unknown}
 q - a potion of magic {unknown}
 t - 2 potions of ambrosia {unknown}
 u - 2 potions of curing {unknown}


   Skills:
 - Level 2.0 Fighting
 + Level 6.0 Long Blades
 - Level 3.6 Throwing
 - Level 2.0 Dodging
 - Level 1.0 Stealth


You had 5 spell levels left.
You didn't know any spells.
Your spell library contained the following spells:

 Spells                   Type           Power      Damage    Failure   Level
 Frozen Ramparts          Ice            0%         1d2       88%         3
 Ice Form                 Ice/Tmut       0%         N/A       99%         4
 Summon Ice Beast         Ice/Summ       0%         N/A       99%         4


Dungeon Overview and Level Annotations

Branches:
Dungeon (5/15)
 Temple: D:4-7

Altars:


Innate Abilities, Weirdness & Mutations

A weak demonic guardian rushes to your aid.
You are mostly covered in sharp spines.


Message History

The floor.
There is a stone staircase leading up here.
There is a stone staircase leading up here.
You throw a javelin.
The javelin pierces through the wight but does no damage.
The javelin pierces through the wight.
The wight is lightly damaged.
The javelin pierces through the wight.
The wight is moderately damaged.
The wight closely misses you.
You hit the wight.
The wight is lightly damaged.
You barely miss the wight.
The wight is lightly damaged.
The wight is struck by your spines. The wight closely misses you.
You barely miss the wight.
The wight is moderately damaged.
The wight hits you with a +0 dagger.
You feel drained.
You hit the wight but do no damage.
The wight is moderately damaged.
You hit the wight but do no damage.
The wight is lightly damaged.
The wight is struck by your spines. The wight hits you but does no damage.
You hit the wight but do no damage.
The wight is heavily damaged.
The wight hits you with a +2 great sword!
You feel drained. The wight hits you with a +4 dagger.
You feel drained.
You are too injured to fight recklessly!
You are too injured to fight recklessly!
You are too injured to fight recklessly!
You are too injured to fight recklessly!
The wight hits you with a +2 great sword!
* * * LOW HITPOINT WARNING * * *
The wight is struck by your spines. The wight barely misses you.
You climb upwards.
There is a stone staircase leading down here.
There is an escape hatch in the ceiling here.
The wight is struck by your spines.
The wight hits you with a +2 great sword!
You die...

###........#.####........#.......
..#..........#...........[.......
...............########..........
...............#.................
.................###.###..##.....
...............#####>###.##......
.>................)......##(.....
...............###.......##......
..............zz@...####.........
..........####..#.........#......
..##.....####.....#.####..##.....
.######.##....#####.##...####....
z##...........# #..#..### #.###
.#..###.#.##### ##.##.## #.#
...#......## #..##.# #.#
#..#.####..######.#.<.# ###.###
#....# ##........#.### #...##.


You could see 2 wights.

Vanquished Creatures
  A phantom (D:4)
  A scorpion (D:5)
  A howler monkey (D:4)
  A jelly (D:5)
  A hound (D:4)
  An iguana (D:4)
  A hound skeleton (D:4)
  5 adders
  2 worms (D:2)
  3 dart slugs
  2 orcs
  8 endoplasms
  3 giant cockroaches (D:1)
  6 goblins
  4 hobgoblins
  8 jackals
  4 quokkas
  4 ball pythons
  4 bats
  3 frilled lizards
  7 kobolds
  8 rats
78 creatures vanquished.

Notes
Turn   | Place    | Note
-------+----------+-------------------------------------------
     0 | D:1      | fiver49 the Demonspawn Hunter began the quest for the Orb.
     0 | D:1      | Reached XP level 1. HP: 16/16 MP: 1/1
    59 | D:1      | Reached skill level 1 in Stealth
   111 | D:1      | Reached skill level 1 in Long Blades
   114 | D:1      | Gained mutation: You are partially covered in sharp spines.
                  | [demonic ancestry]
   114 | D:1      | Reached XP level 2. HP: 18/22 MP: 2/2
   326 | D:1      | Found a faded altar of an unknown god.
   380 | D:1      | Reached skill level 2 in Long Blades
   520 | D:1      | Reached XP level 3. HP: 27/27 MP: 3/3
   900 | D:2      | Reached skill level 3 in Long Blades
  1235 | D:2      | Gained mutation: A weak demonic guardian rushes to your
                  | aid. [demonic ancestry]
  1235 | D:2      | Reached XP level 4. HP: 33/33 MP: 4/4
  2425 | D:4      | Reached skill level 4 in Long Blades
  2517 | D:4      | Gained mutation: You are mostly covered in sharp spines.
                  | [demonic ancestry]
  2517 | D:4      | Reached XP level 5. HP: 21/38 MP: 5/5
  2872 | D:4      | Noticed a phantom
  2881 | D:4      | Killed a phantom
  2882 | D:4      | Reached skill level 5 in Long Blades
  2882 | D:4      | Reached XP level 6. HP: 44/44 MP: 6/6
  3152 | D:5      | Entered Level 5 of the Dungeon
  3259 | D:5      | Reached skill level 6 in Long Blades
  3319 | D:4      | Slain by a wight

Illustrated notes

Levels and vault maps discovered:
D:1:      dpeg_arrival_short_road, layout_rooms,
          dreamdust_ecumenical_altar_statues, serial_park_tiny_1
D:2:      layout_loops_ring, minmay_puff
D:3:      cheibrodos_helix_gallery, layout_basic, minmay_misc_feat_more_columns
D:4:      layout_rooms
D:5:      layout_basic, kennysheep_generic_room_4

Skill      XL: |  1  2  3  4  5  6 |
---------------+-------------------+-----
Stealth        | 1 |  1.0
Dodging        | 2 |  2.0
Long Blades    | 1 2 3 4 5 6 |  6.0
Fighting       | |  2.0
Throwing       | |  3.6

Action                   |  1- 3 |  4- 6 || total
-------------------------+-------+-------++-------
Melee: Short sword       |    69 |    15 ||    84
       Dagger            |       |    85 ||    85
Throw: Javelin           |    17 |    23 ||    40
       Dart              |       |     1 ||     1
Armor: Leather armour    |     3 |       ||     3
       Ring mail         |    15 |    34 ||    49
Dodge: Dodged            |    28 |    34 ||    62
